[Event "Early-Titled-Tuesday-Blitz-December-26-2023"]
[Site "Chess.com"]
[Date "2023.12.26"]
[Round "7"]
[White "GMBenjaminBok"]
[Black "frederiksvane"]
[Result "0-1"]
[WhiteElo "2973"]
[BlackElo "2973"]
[TimeControl "180+1"]
[EndTime "9:18:30 PST"]
[Termination "frederiksvane won by checkmate"]

1. d4 Nf6 2. c4 e6 3. Nc3 Bb4 4.
Qc2 d6 5. e3 O-O 6. Bd3 e5 7. Ne2 Re8 8. O-O c6 9. a3 Ba5 10. b4 Bc7 11. d5 a5 12. Bd2 cxd5 13. cxd5 Bd7 14. Ng3 Na6 15. Qb3 h5 16. Nge4 Nxe4 17.
Nxe4 f5 18. Nc3 h4 19. h3 Qf6 20. Nb5 axb4 21. axb4 Rec8 22. Nxc7 Nxc7 23. b5 Qf7 24. Bc4 b6 25. Rfc1 Qe8 26. Bb4 Qg6 27. Be1 Kh8 28.
Kh2 Qe8 29. Rxa8 Rxa8 30. f4 exf4 31. exf4 Qe4 32. Qf3 Qxf3 33. gxf3 Nxb5 34. Bxh4 Nd4 35. Kg2 Rc8 36. Bf2 Ne2 37. Re1 Nxf4+ 38. Kg3 Rxc4 39. Re7 Bb5 40. Bxb6 Nxd5 41. Rb7 Nxb6 42. Rxb6 Bc6 43.
Rb8+ Kh7 44. Rd8 d5 45. Rd6 Kg8 46. h4 Kf7 47. h5 d4 48. Kf4 Rc5 49. Rxd4 Rd5 50. Rxd5 Bxd5 51. Kxf5 Bxf3 52. Kg5 Bxh5 53. Kxh5 Kf6 54. Kh4 Kf5 55. Kh3 Kf4 56. Kh2 Kf3 57. Kh1 Kg3 58. Kg1 g5 59. Kh1 g4 60. Kg1 Kh3 61. Kh1 g3 62. Kg1 g2 63. Kf2 Kh2 64. Ke3 g1=Q+ 65. Ke4 Qf2 66. Kd5 Qe3 67. Kc6 Qd4 68.
Kb7 Qc5 69. Kb8 Qc6 70. Ka7 Qb5 71. Ka8 Kg3 72. Ka7 Kf4 73. Ka8 Ke5 74. Ka7 Kd6 75. Ka8 Kc7 76. Ka7 Qa5# 0-1

[Event "Early-Titled-Tuesday-Blitz-December-26-2023"]
[Site "Chess.com"]
[Date "2023.12.26"]
[Round "7"]
[White "Romn69"]
[Black "ChessBliss09"]
[Result "1-0"]
[WhiteElo "2377"]
[BlackElo "2085"]
[TimeControl "180+1"]
[EndTime "9:18:31 PST"]
[Termination "Romn69 won by checkmate"]

1. d4 Nf6 2. Nf3 d5 3. c4 c6 4.
Nc3 dxc4 5. a4 Bf5 6. Ne5 Nbd7 7.
Nxc4 e6 8. f3 Bb4 9. e4 Bxe4 10.
fxe4 Nxe4 11. Qf3 Ndf6 12. Bf4 Qxd4 13. Rd1 Bxc3+ 14. bxc3 Qxc3+ 15. Qxc3 Nxc3 16. Rc1 Nxa4 17. Nd6+ Ke7 18. Nxb7 Nd5 19. Bd6+ Kd7 20. Bg3 f6 21. Bd3 g6 22. O-O e5 23. Be4 Kc7 24. Nc5 Nxc5 25.
Rxc5 Kd6 26. Rfc1 Ne7 27. Bxc6 Nxc6 28. Rxc6+ Kd5 29. Rxf6 Rac8 30. Rd1+ Ke4 31. Re1+ Kd3 32. Rxe5 Rc1+ 33. Re1 Rxe1+ 34. Bxe1 a5 35. Ra6 Rc8 36. Rxa5 Rc1 37. Kf1 Rb1 38. Rd5+ Ke4 39. Rd2 h5 40. Re2+ Kf5 41. Kf2 Kg5 42. h3 Kf6 43. Bd2 Rb5 44.
Bc3+ Kf7 45. Re3 Rf5+ 46. Ke2 g5 47. Rf3 Kg6 48. Rxf5 Kxf5 49. Kf3 g4+ 50. hxg4+ hxg4+ 51. Kg3 Kg5 52. Bd2+ Kh5 53. Bc1 Kg6 54. Kxg4 Kf6 55. Kf4 Kg7 56. g4 Kg6 57. g5 Kh7 58. Kf5 Kg7 59.
g6 Kh8 60. Kf6 Kg8 61. Bd2 Kh8 62. Ba5 Kg8 63. g7 Kh7 64. Kf7 Kh6 65. g8=Q Kh5 66. Qg3 Kh6 67. Qh4# 1-0

[Event "Early-Titled-Tuesday-Blitz-December-26-2023"]
[Site "Chess.com"]
[Date "2023.12.26"]
[Round "7"]
[White "marvinguevara"]
[Black "RodokininEV"]
[Result "1-0"]
[WhiteElo "2213"]
[BlackElo "2560"]
[TimeControl "180+1"]
[EndTime "9:18:33 PST"]
[Termination "marvinguevara won by resignation"]

1. e4 c5 2. d4 cxd4 3. c3 dxc3 4.
Bc4 e6 5. Nf3 a6 6. O-O Nc6 7.
Nxc3 b5 8. Bb3 Bb7 9. Nd5 Na5 10. Re1 Ne7 11. Bg5 Nxb3 12. Qxb3 exd5 13. exd5 d6 14. Nd4 h6 15. Bxe7 Bxe7 16. Nf5 O-O 17. Rxe7 Bc8 18. Nxh6+ gxh6 19. Qg3+ Kh8 20. Qh4 Bf5 21. Qxh6+ Bh7 22. Rae1 Qc8 23. Qf6+ Kg8 24. R7e3 Qf5 25. Rg3+ Qg6 26.
Ree3 Rfe8 27. Rxg6+ Bxg6 28. Qxd6 Red8 29. Qe5 Rac8 30. f4 Rc1+ 31. Kf2 Rc2+ 32. Kf3 Rc5 33. Qe7 Rcxd5 34. g4 R5d7 35. Qg5 Kf8 36. f5 Bh7 37. Qh6+ Kg8 38. f6 Be4+ 39. Kxe4 Re8+ 40. Kf4 Rd4+ 41. Kf3 Rxe3+ 42. Kxe3 Rxg4 43. Kf3 Rg6 44. Qh4 Kf8 45. Kf4 Ke8 46. Kf5 Kd7 47. Qd4+ Kc6 48. Qe4+ Kb6 49.
Qe7 Rg2 50. Qd8+ Kc5 51. Qc7+ Kd4 52. Qe5+ Kc4 53. Qe4+ Kc5 54. Qxg2 b4 55. Qe2 b3 56. Qe7+ Kc4 57. Qa3 bxa2 58. Qxa2+ Kb5 59. Qa3 a5 60. h4 a4 61. h5 Ka5 62. h6 Kb5 63. h7 1-0

[Event "Early-Titled-Tuesday-Blitz-December-26-2023"]
[Site "Chess.com"]
[Date "2023.12.26"]
[Round "7"]
[White "UK_23"]
[Black "Nasrin_Babayeva"]
[Result "1-0"]
[WhiteElo "2332"]
[BlackElo "1822"]
[TimeControl "180+1"]
[EndTime "9:18:34 PST"]
[Termination "UK_23 won by resignation"]

1. e4 d5 2. exd5 Qxd5 3. Nc3 Qa5 4. d4 Nf6 5. Bd3 Bf5 6. b4 Qxb4 7. Bxf5 Qxc3+ 8. Bd2 Qxd4 9. Nf3 Qd5 10. Bd3 e6 11.
O-O Bc5 12. Bc3 Nbd7 13. Qe2 O-O 14. Rfd1 Qh5 15. h3 Bd6 16. Rab1 Rab8 17. Rb5 Qh6 18. Rdb1 b6 19. a4 c6 20. R5b3 Nc5 21. R3b2 Nxa4 22.
Bd2 Qh5 23. Ra2 b5 24. Rba1 a6 25. c4 Nc5 26. Bc2 b4 27. Rb2 b3 28. Bd1 Nfe4 29. Be1 Be7 30. Rab1 Bf6 31. Rxb3 Nxb3 32. Rxb3 Rxb3 33.
Bxb3 Nc5 34. Bc2 Rb8 35. Qe3 Qh6 36. Qxc5 Qc1 37. Be4 Bc3 38. Qe3 Qxe3 39. fxe3 Bxe1 40. Nxe1 a5 41. Bxc6 Rc8 42. Bb5 a4 43. Bxa4 Rxc4 44. Bb5 Rc3 45. Kf2 Rb3 46. Be2 Rb2 47. Nf3 Kf8 48.
g4 Ke7 49. Nd4 Kd6 50. Kf3 e5 51. Nf5+ Kd5 52. Nxg7 f6 53. Nf5 e4+ 54. Kf2 Ke5 55.
Ng3 h6 56. Nh5 f5 57. gxf5 Kxf5 58. Ng3+ Ke5 59. h4 Rc2 60. Ke1 Rc1+ 61. Bd1 Ra1 62.
Kd2 Ra2+ 63. Bc2 Ra3 64. Nxe4 Ra4 65. Ke2 Rxe4 66. Bxe4 Kxe4 67. Kf2 h5 68. Ke2 Kf5 69. Kf3 Ke5 70. e4 Kf6 71. Kf4 1-0

[Event "Early-Titled-Tuesday-Blitz-December-26-2023"]
[Site "Chess.com"]
[Date "2023.12.26"]
[Round "7"]
[White "IAgrest"]
[Black "Navyblue1"]
[Result "1-0"]
[WhiteElo "2400"]
[BlackElo "2166"]
[TimeControl "180+1"]
[EndTime "9:18:35 PST"]
[Termination "IAgrest won on time"]

1. e4 c5 2. Nf3 d6 3. d4 cxd4 4. Nxd4 Nf6 5. Nc3 a6 6. Bg5 Nbd7 7. Qe2 e5 8. Nf5 h6 9. Bh4 g6 10. Ne3 Qa5 11. O-O-O b5 12. Kb1 Bb7 13. f3 Rc8 14. Qe1 Be7 15. g4 Qb4 16. a3 Qa5 17. g5 hxg5 18.
Bxg5 b4 19. Bxf6 Nxf6 20. Ncd5 Nxd5 21. Nxd5 Bxd5 22. Rxd5 Qc7 23. Bd3 bxa3 24. b3 Kf8 25.
Qa5 Qxa5 26. Rxa5 Ra8 27. Rxa3 d5 28. exd5 Bxa3 29. c3 Bd6 30. b4 a5 31. b5 Kg7 32.
Kc2 Rhb8 33. c4 Bc5 34. Re1 f6 35. f4 Re8 36. f5 g5 37. Re4 Rh8 38. Re2 a4 39.
Be4 Ra7 40. Rd2 Rd7 41. Kc3 Rd6 42. Ra2 a3 43. Rg2 Rh3+ 44. Kc2 Rh4 45. Bd3 a2 46. Kb2 Bd4+ 47. Kxa2 Bc5 48. Kb2 Rd4 49. Be2 Rh4 50. Bd3 Rd7 51. Kc3 Ra7 52. Bc2 Ra3+ 53. Kd2 Ra2 54. Kc3 Ra3+ 55. Kd2 Rxc4 56. Bd3 Rd4 57. Rg3 Bb4+ 58. Ke2 Ra2+ 59. Ke3 Rd2 60. Bf1 Rb2 61. b6 Bd6 62. b7 Rxb7 63. Kf2 Rb2+ 64. Kg1 Rd1 65.
Rf3 Rxd5 66. h4 Rd1 67. Rf2 1-0

[Event "Early-Titled-Tuesday-Blitz-December-26-2023"]
[Site "Chess.com"]
[Date "2023.12.26"]
[Round "7"]
[White "RamonManon0g"]
[Black "Hoshka"]
[Result "0-1"]
[WhiteElo "2348"]
[BlackElo "2044"]
[TimeControl "180+1"]
[EndTime "9:18:35 PST"]
[Termination "Hoshka won by checkmate"]

1. e4 e5 2. Nf3 Nc6 3. Bc4 Nf6 4. Ng5 d5 5. exd5 Na5 6. Bb5+ c6 7. dxc6 bxc6 8.
Bd3 Nd5 9. Nf3 Bd6 10. O-O Nf4 11. Re1 O-O 12. Bf1 Re8 13. d3 Bg4 14. Nc3 Nb7 15.
Ne4 Bc7 16. Ng3 Qf6 17. h3 Nxh3+ 18. gxh3 Bxf3 19. Qd2 h6 20. Qe3 Bb6 21. Qd2 Rad8 22. Bg2 Nd6 23. Bxf3 Qxf3 24. Kh2 Bxf2 25. Rg1 Bxg1+ 26.
Kxg1 Qxg3+ 27. Qg2 Qxg2+ 28. Kxg2 e4 29. dxe4 Nxe4 30. Bf4 g5 31. Bc7 Rd2+ 32. Kf3 Rxc2 33. b4 f5 34. a4 Re7 35. Bb8 Rb7 36. Be5 Rxb4 37. Ra3 Kf7 38. Ke3 Ke6 39. Bg7 h5 40. Kd3 Rh2 41. Ra1 Rxh3+ 42. Kc2 f4 43. Re1 Kf5 44.
Rd1 f3 45. Bf8 Rc4+ 46. Kb3 Rc3+ 47. Kb4 f2 48. Bg7 Rcf3 49. Rf1 Nd2 50. Rd1 f1=Q 51.
Rxd2 Rh4+ 52. Ka5 Rb3 53. Bd4 Ke6 54. Bxa7 Qe1 55. Be3 Qxd2+ 56. Bxd2 g4 57. Be1 Rh1 58. Bf2 Rb2 59. Bd4 Ra2 60. Kb4 Rd1 61. Be3 Rd3 62. Bg1 g3 63. a5 h4 64. Kc4 h3 65. Kxd3 h2 66. Bd4 h1=Q 67. Kc4 Rxa5 68. Bb6 Rb5 69.
Ba7 Qc1+ 70. Kd3 g2 71. Ke4 g1=Q 72. Bxg1 Qxg1 73. Kf4 Ra5 74. Ke4 Qg4+ 75. Kd3 Ra3+ 76.
Kc2 Qg2+ 77. Kb1 Rf3 78. Kc1 Rf1# 0-1

[Event "Early-Titled-Tuesday-Blitz-December-26-2023"]
[Site "Chess.com"]
[Date "2023.12.26"]
[Round "7"]
[White "AjedrezInteligente"]
[Black "bubeliang"]
[Result "0-1"]
[WhiteElo "2537"]
[BlackElo "2777"]
[TimeControl "180+1"]
[EndTime "9:18:39 PST"]
[Termination "bubeliang won on time"]

1. e4 c6 2. c4 d5 3. cxd5 cxd5 4. exd5 Nf6 5. Nc3 Nxd5 6. Nf3 g6 7. Bb5+ Bd7 8. Qb3 Nb6 9. Ne5 e6 10. Nxd7 N8xd7 11. O-O Bg7 12. Qa3 Qe7 13. b3 Bf6 14. Qxe7+ Bxe7 15. Bb2 Bf6 16. Ba3 Be7 17. Bb2 a6 18. Be2 Bf6 19.
Bf3 O-O-O 20. Rac1 Kb8 21. Ba3 Ne5 22. Ne4 Nxf3+ 23.
gxf3 Be5 24. Rfd1 Rd5 25. d4 Bxd4 26. Bd6+ Ka7 27. Rxd4 Rxd4 28. Be5 Rhd8 29. Bxd4 Rxd4 30. Rc7 Rd7 31. Rxd7 Nxd7 32. Ng5 Ne5 33. f4 h6 34. Nxe6 Nd3 35. Nd8 f6 36. Nf7 Nxf4 37. Nxh6 Nd3 38. Ng4 f5 39. Ne3 Nc1 40. Kg2 Nxa2 41. Kf3 Nc1 42.
h4 Nxb3 43. Kf4 Nd4 44. Kg5 Nf3+ 45. Kxg6 Nxh4+ 46. Kg5 Nf3+ 47. Kxf5 a5 48. Ke4 Ng5+ 49. Kf5 Nh3 50. f3 b5 51. Kg4 Nf2+ 52. Kg5 a4 53. f4 b4 54. f5 b3 55. Nc4 Ka6 56. Kf4 Kb5 57. Na3+ Kb4 58. Nb1 a3 59. f6 a2 60. f7 axb1=Q 61. f8=Q+ Kc3 62. Qc5+ Kb2 63. Qxf2+ Qc2 64. Qd4+ Kb1 65. Ke3 b2 66. Qf4 Qc1+ 0-1

[Event "Early-Titled-Tuesday-Blitz-December-26-2023"]
[Site "Chess.com"]
[Date "2023.12.26"]
[Round "7"]
[White "GiorgianBarbosa"]
[Black "GoValya"]
[Result "0-1"]
[WhiteElo "2478"]
[BlackElo "2307"]
[TimeControl "180+1"]
[EndTime "9:18:39 PST"]
[Termination "GoValya won by resignation"]

1. d4 d5 2. Nf3 c6 3. e3 Nf6 4. Bd3 g6 5. b3 Bg7 6. O-O O-O 7. Bb2 Nbd7 8. c4 b6 9. Qe2 Bb7 10. cxd5 Nxd5 11. Ba6 Bxa6 12. Qxa6 c5 13. Na3 Nb4 14. Qc4 Rc8 15. Rfd1 e6 16. Rab1 a5 17. Qb5 Qe7 18.
dxc5 Nxc5 19. Bxg7 Kxg7 20. Qxb6 Nxa2 21. Nc4 Nc3 22.
Qxa5 Nxd1 23. Rxd1 Nxb3 24. Qc3+ Qf6 25. Qxb3 Rb8 26.
Qa2 Rfc8 27. Nce5 Rb7 28. h3 Rcc7 29. Qa8 Ra7 30. Qe8 Re7 31. Qd8 Reb7 32. Qxf6+ Kxf6 33.
Rd8 Ke7 34. Rh8 Kf6 35. Rxh7 Ra1+ 36. Kh2 Ra2 37. Kg3 Ra5 38. Ng4+ Ke7 39. h4 Kd6 40. Ng5 Raa7 41. Nf6 Ke5 42. Ng4+ Kd6 43. f4 f5 44.
Nh6 Rxh7 45. Nxh7 Rxh7 46. Ng8 Rg7 47. Nh6 Rh7 48. Ng8 Rh8 49. Nf6 Ke7 50. Ng4 fxg4 51. Kxg4 Kf6 52. e4 Rh5 53. e5+ Kg7 54. Kh3 Rf5 55. g3 Kh6 56. Kg4 Rh5 57. Kf3 Kg7 58.
Kg4 Kf7 59. Kf3 Ke7 60. Kg4 Kd7 61. Kh3 Kc6 62. g4 Rh7 63. g5 Kd5 64. Kg4 Ke4 65. Kg3 Rf7 66. h5 gxh5 67. g6 Rg7 68. f5 exf5 0-1

[Event "Early-Titled-Tuesday-Blitz-December-26-2023"]
[Site "Chess.com"]
[Date "2023.12.26"]
[Round "7"]
[White "campochess"]
[Black "LeoLV10"]
[Result "1/2-1/2"]
[WhiteElo "2195"]
[BlackElo "2470"]
[TimeControl "180+1"]
[EndTime "9:18:39 PST"]
[Termination "Game drawn by repetition"]

1. e4 c6 2. Nc3 d5 3. Nf3 Bg4 4.
d3 e6 5. h3 Bxf3 6. gxf3 Nd7 7.
Ne2 Qb6 8. c3 Bd6 9. d4 Ne7 10.
Rb1 c5 11. Bf4 cxd4 12. Bxd6 Qxd6 13. Nxd4 a6 14. Rg1 g6 15. Qd2 e5 16. Nb3 Nf6 17. exd5 Qxd5 18. Qxd5 Nfxd5 19. Rd1 f6 20. Bc4 Nf4 21. h4 b5 22. Bf1 Kf7 23. Nc5 Ra7 24. a4 Rc8 25. Ne4 Ke6 26. axb5 axb5 27. Bxb5 Nf5 28.
Rg4 Rb8 29. Rxf4 exf4 30. Bc4+ Ke7 31. b3 Rc7 32. h5 Nh4 33. hxg6 hxg6 34. Nd2 g5 35.
Ke2 Kf8 36. Ra1 Kg7 37. Ra6 Re8+ 38. Kd3 Rd8+ 39. Kc2 Rxd2+ 40. Kxd2 Nxf3+ 41. Kd3 Ne5+ 42. Kd4 g4 43. Bd5 g3 44. fxg3 fxg3 45. c4 Rd7 46.
Ke3 Kg6 47. Ra8 Rg7 48. Be4+ f5 49. Ra6+ Kg5 50. Bg2 f4+ 51. Ke4 Re7 52. Ra5 Kg4 53. Rxe5 Rxe5+ 54. Kxe5 f3 55. Bxf3+ Kxf3 56. c5 g2 57. c6 g1=Q 58. c7 Qg8 59. Kd6 Qc8 60. b4 Kf4 61. b5 Kf5 62. Kc6 Ke6 63. b6 Qd7+ 64. Kb7 Qd5+ 65. Kb8 Qd6 66. Kb7 Qd5+ 67.
Kb8 Qe5 68. Kb7 Qd5+ 1/2-1/2

[Event "Early-Titled-Tuesday-Blitz-December-26-2023"]
[Site "Chess.com"]
[Date "2023.12.26"]
[Round "7"]
[White "Kotofeyca"]
[Black "johnmez"]
[Result "0-1"]
[WhiteElo "2414"]
[BlackElo "2315"]
[TimeControl "180+1"]
[EndTime "9:18:40 PST"]
[Termination "johnmez won by resignation"]

1. d4 e6 2. e4 d5 3. e5 c5 4. c3 Nc6 5. f4 cxd4 6. cxd4 Qb6 7.
Nf3 Nh6 8. Na3 Bb4+ 9. Kf2 Bxa3 10. bxa3 Nf5 11. Be3 Nxe3 12. Kxe3 O-O 13. Rb1 Qa5 14. Qb3 f6 15. Bd3 fxe5 16. fxe5 Qc7 17. Qc2 g6 18. h4 Qf7 19. Ke2 Qf4 20. Rbf1 Qxf3+ 21.
Rxf3 Nxd4+ 22. Kd2 Nxc2 23. Rxf8+ Kxf8 24. Kxc2 Bd7 25. h5 Kg7 26. h6+ Kf7 27. Rf1+ Ke7 28. g4 Ba4+ 29. Kd2 Rf8 30. Rxf8 Kxf8 31. g5 Be8 32.
Kc3 Ke7 33. Kb4 Kd8 34. Kc5 Kc7 35. Bc2 b6+ 36. Kd4 a6 37. Bd3 Kb7 38. Kc3 a5 39. Kd4 Kc6 40. a4 Kc7 41. Kc3 Kd8 42. Kb3 Ke7 43. Be2 Bc6 44. Bg4 d4 45. Bd1 Bd5+ 46.
Kb2 Be4 47. a3 Kd7 48. Kb3 Bd5+ 49. Kc2 Be4+ 50. Kb3 Kc6 51. Be2 d3 52. Bd1 Kd5 53. Kc3 Kxe5 54. Bg4 Bf5 55. Bf3 Kf4 56. Bc6 e5 57.
Be8 Kxg5 58. Kd2 e4 59. Ke3 Kxh6 60. Bc6 Kg5 61. Be8 h5 62. Bb5 h4 63. Kf2 Kf4 64. Kg2 g5 65. Bc6 e3 66. Bb5 Be4+ 67.
Kf1 e2+ 68. Kf2 h3 69. Bc4 h2 0-1

[Event "Early-Titled-Tuesday-Blitz-December-26-2023"]
[Site "Chess.com"]
[Date "2023.12.26"]
[Round "7"]
[White "Aygehovit1992"]
[Black "newyorkmouse"]
[Result "1/2-1/2"]
[WhiteElo "2752"]
[BlackElo "2493"]
[TimeControl "180+1"]
[EndTime "9:18:44 PST"]
[Termination "Game drawn - insufficient material"]

1. e4 d6 2. d4 Nf6 3. Nc3 e5 4.
Nf3 Nbd7 5. Bc4 h6 6. O-O c6 7. a4 Be7 8. Re1 Qc7 9. h3 Nf8 10. b4 g5 11. b5 Ng6 12. bxc6 bxc6 13. d5 cxd5 14. Bb5+ Kf8 15. Nxd5 Nxd5 16. Qxd5 Bb7 17.
Qc4 Rc8 18. Qxc7 Rxc7 19. Bd3 Kg7 20. a5 Rhc8 21. a6 Ba8 22. Nh2 Nf4 23. Ng4 Nxd3 24. cxd3 f6 25. Ne3 Bf8 26. Ba3 Kf7 27. Nf5 Ke6 28. d4 Bxe4 29. Nxd6 Bxd6 30. Rxe4 Bxa3 31.
Rxa3 Kd5 32. f3 Rc1+ 33. Kh2 exd4 34. Re7 R8c7 35. Ra5+ Kd6 36. Re4 R1c4 37. Rf5 d3 38. Rxf6+ Kd5 39. Rf5+ Kd6 40. Rf6+ Kc5 41. Re5+ Kb4 42.
Rd5 R7c6 43. Rxc6 Rxc6 44. Rxd3 Rxa6 45. Kg3 Rb6 46. Rd1 a5 47. Rb1+ Kc5 48. Ra1 Kb5 49. Kg4 a4 50. Kh5 Kb4 51. g4 a3 52.
Rb1+ Ka5 53. Ra1 Ka4 54. h4 gxh4 55. Kxh4 Rf6 56. Kg3 Kb3 57. f4 Kb2 58. Rh1 a2 59. g5 hxg5 60. fxg5 Rf5 61. Kg4 Rb5 62. Rh2+ Ka3 63.
Rxa2+ Kxa2 64. g6 Rb1 65. Kg5 Rg1+ 66. Kf6 Kb3 67. g7 Kc4 68. Kf7 Kd5 69. g8=Q Rxg8 70. Kxg8 1/2-1/2

[Event "Early-Titled-Tuesday-Blitz-December-26-2023"]
[Site "Chess.com"]
[Date "2023.12.26"]
[Round "7"]
[White "Road2GM3000"]
[Black "Kimster98"]
[Result "1-0"]
[WhiteElo "2507"]
[BlackElo "2543"]
[TimeControl "180+1"]
[EndTime "9:18:48 PST"]
[Termination "Road2GM3000 won by checkmate"]

1. d4 Nc6 2. c4 d5 3. Nc3 Nf6 4. Nf3 dxc4 5. Bg5 a6 6. a4 h6 7. Bh4 Bf5 8. e3 Nb4 9. Rc1 Bd3 10. Ne5 Bxf1 11. Kxf1 e6 12. Nxc4 Be7 13. f3 Nfd5 14.
Bxe7 Qxe7 15. e4 Nf4 16. Qd2 Nfd3 17. Rd1 c5 18. d5 exd5 19. Nxd5 Nxd5 20. Qxd3 Nb4 21.
Nd6+ Kf8 22. Qc4 b6 23. Nf5 Qe6 24. Qc3 Qf6 25. Qxf6 gxf6 26. Rd6 b5 27. a5 c4 28. Ke2 Nd3 29. Rd1 Kg8 30. b3 Nf4+ 31. Ke3 Ne6 32.
bxc4 bxc4 33. Rc6 Kh7 34. Rd7 Kg8 35. Rxc4 Rb8 36. Rc6 Rb3+ 37. Kf2 h5 38. Rc8+ Kh7 39. Rxf7+ Kg6 40. Rxh8 Kxf7 41. Ra8 Nc5 42. Kg3 Ra3 43. Nd6+ Ke6 44. Nc4 Ra4 45. Ne3 Rxa5 46. Rh8 Rb5 47. Nd5 f5 48. Nf4+ Kf7 49. exf5 Nd7 50. Rh7+ Ke8 51. Rxh5 a5 52. Ne6 Re5 53. Rh8+ Ke7 54. Ra8 Rxf5 55. Nd4 Rd5 56. Ne2 Nb6 57. Ra7+ Kd6 58.
Nf4 Rb5 59. h4 a4 60. h5 Rg5+ 61. Kh4 Rf5 62. Kg4 Rf8 63. Ng6 Rg8 64. Kg5 Ke6 65.
Ra6 Kf7 66. Rxb6 Rc8 67. Ra6 Rc5+ 68. Kg4 Rc4+ 69. f4 Rc2 70. g3 Ra2 71. f5 a3 72. h6 Kg8 73. Kg5 Rh2 74. Rxa3 Rg2 75. Ra8+ Kh7 76. Rh8# 1-0

[Event "Early-Titled-Tuesday-Blitz-December-26-2023"]
[Site "Chess.com"]
[Date "2023.12.26"]
[Round "7"]
[White "Zhigalko_Sergei"]
[Black "DarkAlekhine"]
[Result "1-0"]
[WhiteElo "2897"]
[BlackElo "2735"]
[TimeControl "180+1"]
[EndTime "9:18:49 PST"]
[Termination "Zhigalko_Sergei won on time"]

1. e4 Nf6 2. e5 Nd5 3. d4 d6 4. Nf3 g6 5. Bc4 Nb6 6. Bb3 Bg7 7. Qe2 O-O 8. h3 c5 9. dxc5 dxc5 10. O-O c4 11. Bxc4 Nxc4 12. Qxc4 Nc6 13. Re1 Bf5 14.
c3 Qb6 15. Qh4 Rfd8 16. Nbd2 Qa6 17. Nb3 Nxe5 18. Nxe5 Bxe5 19. Rxe5 Rd1+ 20. Kh2 Qf1 21. Rxf5 gxf5 22. Bh6 Qg1+ 23. Kg3 Rd3+ 24. f3 Qb6 25.
Re1 Qg6+ 26. Qg5 Rd6 27. Kf2 Qxg5 28. Bxg5 f6 29. Be3 e5 30. f4 Kf7 31. Bc5 Re6 32.
Rd1 b6 33. Be3 Ke7 34. Rd2 Rd8 35. Rxd8 Kxd8 36. Nc1 Rd6 37. Ke2 Ke7 38. Nd3 Ke6 39.
Ne1 Rd8 40. Nf3 Rg8 41. Kf2 Kd5 42. fxe5 fxe5 43. Bh6 Ke4 44. b3 Re8 45. Ng5+ Kd3 46. c4 e4 47. Kg3 e3 48. Nf3 Ke4 49. Ng5+ Kd3 50. Nf3 e2 51. Kf2 Kc2 52. Bd2 Kb1 53. Be1 Kxa2 54. b4 Kb3 55. c5 bxc5 56. bxc5 Kc4 57.
c6 Kd5 58. c7 Kc6 59. Ba5 Kb7 60. Ke1 Kc8 61. Nd4 Re4 62. Nxf5 Re6 63. g4 Kb7 64. h4 Rc6 65. Ne7 1-0

[Event "Early-Titled-Tuesday-Blitz-December-26-2023"]
[Site "Chess.com"]
[Date "2023.12.26"]
[Round "7"]
[White "TanitoluwaAps116"]
[Black "Ramla2020"]
[Result "1-0"]
[WhiteElo "2717"]
[BlackElo "2457"]
[TimeControl "180+1"]
[EndTime "9:18:53 PST"]
[Termination "TanitoluwaAps116 won by checkmate"]

1. e4 e5 2. Nf3 d6 3. d4 Nd7 4.
Nc3 c6 5. Bc4 Be7 6. O-O Ngf6 7.
Re1 b5 8. Bb3 O-O 9. d5 Bb7 10.
dxc6 Bxc6 11. Nd5 Nc5 12. Nxf6+ Bxf6 13. Bd5 Qc7 14. c3 Rab8 15. Bg5 Bxg5 16. Nxg5 h6 17. Nf3 a5 18. Rc1 Ne6 19. Nh4 Nf4 20. Bxc6 Qxc6 21.
Nf5 Kh7 22. g3 Nh3+ 23. Kg2 Ng5 24. Qg4 g6 25. Ne7 Qb7 26. Nd5 f5 27. Qe2 Nxe4 28.
Rcd1 Nf6 29. Qf3 e4 30. Nxf6+ Rxf6 31. Qe3 g5 32. Rd4 Re8 33. Kg1 d5 34. Red1 Re5 35.
f4 gxf4 36. gxf4 Re7 37. Rxd5 Rg7+ 38. Kh1 Qf7 39. Qh3 Qg6 40. Rxb5 e3 41. Re5 Rd6 42. Re1 Rd2 43. Qxf5 Qxf5 44. Rxf5 Re7 45. Re5 Rxe5 46.
fxe5 e2 47. Kg2 Rxb2 48. a4 Kg6 49. Kf3 Rc2 50. Rxe2 Rxc3+ 51. Re3 Rc4 52. e6 Rc8 53. e7 Re8 54. Kf4 Kf6 55. h4 Rxe7 56. Rxe7 Kxe7 57. Kf5 Kf7 58. h5 Kg7 59. Ke6 Kg8 60. Kf6 Kh7 61. Kf7 Kh8 62. Kg6 Kg8 63. Kxh6 Kh8 64.
Kg6 Kg8 65. Kf6 Kh7 66. Ke5 Kh6 67. Kd5 Kxh5 68. Kc5 Kg6 69. Kb5 Kf6 70. Kxa5 Ke6 71. Kb6 Kd7 72. Kb7 Kd6 73. a5 Kc5 74. a6 Kb5 75. a7 Kc5 76. a8=Q Kd4 77. Qd8+ Ke3 78. Qd5 Kf2 79. Qe4 Kg3 80. Qf5 Kg2 81. Qf4 Kh3 82. Qg5 Kh2 83. Qg4 Kh1 84. Kc6 Kh2 85. Kd5 Kh1 86. Ke4 Kh2 87. Kf3 Kh1 88. Qg2# 1-0

[Event "Early-Titled-Tuesday-Blitz-December-26-2023"]
[Site "Chess.com"]
[Date "2023.12.26"]
[Round "7"]
[White "SCIM"]
[Black "nekotyanof"]
[Result "0-1"]
[WhiteElo "2514"]
[BlackElo "2642"]
[TimeControl "180+1"]
[EndTime "9:19:00 PST"]
[Termination "nekotyanof won on time"]

1. d4 Nf6 2. c4 e6 3. Nc3 d5 4. cxd5 exd5 5. Bg5 Be7 6. Qc2 h6 7. Bh4 c6 8. e3 O-O 9. Bd3 Ne8 10. Bg3 Nd7 11. Nge2 Ndf6 12. O-O Bd6 13. f3 Bxg3 14. Nxg3 Be6 15. Rad1 c5 16. dxc5 Rc8 17. Nce2 Qa5 18. Rc1 Nd6 19. Nd4 Nc4 20. Bxc4 dxc4 21. Nxe6 fxe6 22. Qxc4 Nd5 23. e4 Ne3 24. Qxe6+ Kh8 25. Rfe1 Qd2 26. Qh3 Rxc5 27. Rb1 Rc2 28. Nf1 Qf2+ 29. Kh1 Nxg2 30. Rec1 Nf4 31. Qg3 Qe2 32.
Rxc2 Qxc2 33. Re1 Nd3 34. Re3 Nxb2 35. e5 Nc4 36. Re4 Qd3 37. Kg2 Rf5 38. h4 Qc2+ 39. Kg1 Qc3 40. e6 Rxf3 41. Qg2 Nd6 42. e7 Rxf1+ 43.
Qxf1 Qc5+ 44. Kh2 Qc7 45. Qf8+ Kh7 46. Rf4 Qc2+ 47. Rf2 Qe4 48. Rf4 Qe2+ 49. Rf2 Qe5+ 50. Kg2 Qd5+ 51. Kg1 Qd1+ 52. Kg2 Qg4+ 53. Kf1 Qc4+ 54.
Kg2 Qd5+ 55. Kg1 Qh5 56. Rf4 Qd1+ 57. Kg2 Qd5+ 58. Kg1 Qe5 59. Kg2 Qb2+ 60. Kh3 Qa3+ 61. Rf3 Qa4 62. Rg3 Qd7+ 63. Kh2 g6 64. Rf3 Qe6 65.
Rf2 Qe5+ 66. Kg1 Qe1+ 67. Kg2 Qe4+ 68. Kh3 Qe6+ 69. Kg3 Ne4+ 70. Kh2 Qe5+ 71. Rf4 Nd6 72. h5 g5 73. Kg2 Qxf4 74. e8=Q Nxe8 75. Qe7+ Ng7 76.
Qe4+ Qxe4+ 0-1

[Event "Early-Titled-Tuesday-Blitz-December-26-2023"]
[Site "Chess.com"]
[Date "2023.12.26"]
[Round "7"]
[White "snowlord"]
[Black "enestnrvrd"]
[Result "1/2-1/2"]
[WhiteElo "2907"]
[BlackElo "2666"]
[TimeControl "180+1"]
[EndTime "9:19:04 PST"]
[Termination "Game drawn - insufficient material"]

1. c4 Nf6 2. Nc3 c5 3. g3 e6 4. Nf3 d5 5. cxd5 exd5 6. d4 Nc6 7. Bg2 cxd4 8. Nxd4 Bc5 9. Nb3 Bb6 10. Na4 O-O 11.
Nxb6 axb6 12. O-O h6 13. Be3 Re8 14. a3 Bf5 15. Nd4 Be4 16. Bh3 Ne5 17. Bf4 Ng6 18.
Bd2 Ne5 19. b3 Nh7 20. f3 Bg6 21. Bg2 Nc6 22. Bc3 Rc8 23. Rf2 Ng5 24. a4 Nxd4 25.
Bxd4 Bc2 26. Qd2 Bxb3 27. Qb2 Ne6 28. Bxg7 Nxg7 29. Qxb3 d4 30. Rd1 Re3 31. Qb4 Ne6 32. f4 d3 33. f5 Ng5 34. h4 Nh7 35. Qf4 Qe7 36. Qg4+ Kh8 37. f6 Qf8 38. exd3 Rce8 39. Bxb7 Qg8 40. Qxg8+ Rxg8 41. Rf3 Rxf3 42. Bxf3 Rxg3+ 43.
Kf2 Rg6 44. Rb1 Rxf6 45. Ke3 Nf8 46. Bd5 Nd7 47. Rc1 Kg7 48. Be4 Nc5 49. a5 Nxe4 50. dxe4 bxa5 51. Rc7 Ra6 52. Rc3 a4 53. Ra3 Kf6 54.
Kf4 Ke6 55. Ke3 Ke5 56. Kf3 h5 57. Ke3 f6 58. Kf3 Kd4 59. Kf4 Kc4 60. Kf5 Kb4 61.
Ra1 a3 62. Kg6 a2 63. Kxh5 Kb3 64. Kg6 Kb2 65. Rh1 Rc6 66. Rh2+ Rc2 67. Rh1 Rg2+ 68.
Kxf6 Rg4 69. h5 Rxe4 70. Rh2+ Kb3 71. Rxa2 Kxa2 72. h6 Rf4+ 73. Kg7 Rg4+ 74. Kf6 Rf4+ 75. Kg7 Rg4+ 76. Kf6 Rh4 77. Kg6 Rxh6+ 78. Kxh6 1/2-1/2

[Event "Early-Titled-Tuesday-Blitz-December-26-2023"]
[Site "Chess.com"]
[Date "2023.12.26"]
[Round "7"]
[White "Matols"]
[Black "RamyresCoelho"]
[Result "1/2-1/2"]
[WhiteElo "2382"]
[BlackElo "2298"]
[TimeControl "180+1"]
[EndTime "9:19:09 PST"]
[Termination "Game drawn by repetition"]

1. d4 Nf6 2. c4 g6 3. g3 Bg7 4. Bg2 d6 5. Nc3 O-O 6. Nf3 Nc6 7. O-O e5 8. d5 Ne7 9. e4 Nd7 10. Ne1 f5 11. Nd3 Nf6 12. Bg5 h6 13.
Bxf6 Bxf6 14. f4 exf4 15. Nxf4 Be5 16. Qd2 Kg7 17. Rae1 Ng8 18. b3 Qf6 19. Nce2 Bd7 20. Kh1 Rae8 21. exf5 Bxf5 22. g4 Bxg4 23. Ne6+ Rxe6 24.
Rxf6 Rexf6 25. Ng3 Rf2 26. Qe3 h5 27. Ne4 Rxa2 28. h3 Bd7 29. Rf1 Rxf1+ 30. Bxf1 Nh6 31.
Qf3 Nf5 32. c5 Rh2+ 33. Kg1 Nd4 34. Qd3 Rb2 35. cxd6 Rxb3 36. Qc4 cxd6 37. Qc7 Nf3+ 38. Kf2 Bd4+ 39. Ke2 Re3+ 40. Kd1 Re1+ 41. Kc2 Rxe4 42. Qxd7+ Kh6 43. Bd3 Re3 44. Qd8 Ne1+ 45. Kb1 Nxd3 46. Qh8+ Kg5 47. Qd8+ Kf4 48. Qxd6+ Be5 49. Qf8+ Ke4 50.
d6 Re1+ 51. Kc2 Nb4+ 52. Kb3 Nc6 53. d7 Rb1+ 54. Kc2 Rb2+ 55. Kc1 Rb5 56. d8=Q Nxd8 57.
Qxd8 Rc5+ 58. Kb1 Rd5 59. Qh4+ Kf5 60. Qf2+ Ke6 61. Qxa7 Rd7 62. Qb6+ Bd6 63. Qe3+ Kf7 64. Qf3+ Kg7 65. Qc3+ Kf7 66. Qc4+ Kg7 67. Qc3+ Kh6 68.
Qe3+ Kg7 69. Qd4+ Kf7 70. Qd5+ Kg7 71. Qd4+ Kf7 72. Qc4+ Ke7 73. Qe4+ Kf7 74. Qd5+ Ke7 75. Qe4+ Kf7 76. Qf3+ Kg7 77. Qc3+ 1/2-1/2